[Event "GER-chT Youth Countries 2018"]
[Site "Wurzburg"]
[Date "2018.10.05"]
[Round "4"]
[White "Burian, Simon"]
[Black "Nguyen, Huy Dat"]
[Result "0-1"]
[ECO "C55"]
[WhiteElo "2091"]
[BlackElo "2194"]
[Annotator "NA"]
[PlyCount "104"]
[EventDate "2018.10.03"]
[EventType "team-tourn"]
[EventCountry "GER"]
[SourceTitle "playchess.com"]
[Source "ChessBase"]
[SourceQuality "1"]
[TimeControl "40/5400+30:1800+30"]

1. e4 e5 2. Nf3 Nc6 3. Bc4 Nf6 4. d3 Be7 5. O-O d6 6. c3 O-O 7. Bb3 Na5 8. Bc2 c5 9. Nbd2 Nc6 10. Re1 Re8 11. Nf1 $11 {[%emt 0:03:05] LiveBook: 69 Games} h6 12. Ng3 Bf8 13. Qe2 b5 14. h3 a5 15. Rd1 Qc7 16. Nh4 Kh8 17. Qf3 Ng8 18. Ngf5 a4 19. g4 g6 20. Ne3 Be6 21. Nd5 Qd8 22. Ng2 b4 23. Nge3 a3 24. Bb3 Ra7 25. Rb1 axb2 26. Bxb2 bxc3 27. Bxc3 Nd4 28. Bxd4 exd4 29. Ng2 Qg5 30. Qg3 Qd8 31. Qf3 Bg7 32. Qe2 Kh7 33. Ngf4 Be5 34. Qd2 Qh4 35. Kg2 Bc8 36. Rg1 f5 37. f3 g5 38. Ne2 fxg4 39. hxg4 Qh2+ 40. Kf1 Rf8 41. f4 Bxf4 42. Ndxf4 Rxf4+ 43. Ke1 Nf6 44. Kd1 Rf2 45. Re1 Bxg4 46. Rb2 Nh5 47. Kc1 Nf4 48. Bd1 Ra3 49. Rb7+ Kg6 50. Nxf4+ gxf4 51. Qxf2 Qxf2 52. Rh1 Bxd1 0-1

[Event "GER-chT Youth Countries 2018"]
[Site "Wurzburg"]
[Date "2018.10.05"]
[Round "4"]
[White "Philipp, Mathias"]
[Black "Lutz, Ruben"]
[Result "1/2-1/2"]
[ECO "C05"]
[WhiteElo "2076"]
[BlackElo "2043"]
[Annotator "NA"]
[PlyCount "57"]
[EventDate "2018.10.03"]
[EventType "team-tourn"]
[EventCountry "GER"]
[SourceTitle "playchess.com"]
[Source "ChessBase"]
[SourceQuality "1"]
[TimeControl "40/5400+30:1800+30"]

1. e4 e6 2. d4 d5 3. Nd2 Nf6 4. e5 Nfd7 5. c3 c5 6. f4 Nc6 7. Ndf3 Be7 8. Bd3 a5 $14 9. Ne2 a4 10. g4 a3 11. b3 cxd4 12. cxd4 Nb4 13. Bb1 b6 14. Kf2 f6 15. f5 fxe5 16. dxe5 O-O 17. Be3 Nc5 18. Ned4 exf5 19. Bxf5 Ne4+ 20. Kg2 Bc5 21. Rf1 Qe8 22. Qe1 Nd3 23. Qh4 Bxf5 24. Nxf5 Nxe5 25. Bxc5 Rxf5 26. gxf5 Nxf3 27. Rxf3 bxc5 28. Re1 Qe5 29. Re2 1/2-1/2

[Event "GER-chT Youth Countries 2018"]
[Site "Wurzburg"]
[Date "2018.10.05"]
[Round "4"]
[White "Lesny, Florian"]
[Black "Pubantz, Jan"]
[Result "1/2-1/2"]
[ECO "B90"]
[WhiteElo "2073"]
[BlackElo "2084"]
[Annotator "NA"]
[PlyCount "109"]
[EventDate "2018.10.03"]
[EventType "team-tourn"]
[EventCountry "GER"]
[SourceTitle "playchess.com"]
[Source "ChessBase"]
[SourceQuality "1"]
[TimeControl "40/5400+30:1800+30"]

1. e4 c5 2. Nf3 d6 3. d4 cxd4 4. Nxd4 Nf6 5. Nc3 a6 6. Be3 Ng4 7. Bc1 Nc6 8. Be2 Qb6 9. Bxg4 {[%emt 0:01:34] LiveBook: 8 Games} Bxg4 10. Qxg4 Qxd4 11. O-O e6 12. Rd1 Qf6 $11 13. Qg5 Rc8 14. Qxf6 gxf6 15. Ne2 Ke7 16. c3 h5 17. Bf4 Ne5 18. Rd4 Rd8 19. Rad1 h4 20. c4 Bg7 21. Kf1 b6 22. Nc3 Bh6 23. Bxh6 Rxh6 24. h3 Rh5 25. f4 Nc6 26. R4d2 f5 27. Kf2 Na5 28. b3 Nb7 29. Ke3 Rg8 30. Kf2 f6 31. e5 fxe5 32. fxe5 Rd8 33. exd6+ Rxd6 34. Na4 b5 35. Rxd6 Nxd6 36. Nc5 bxc4 37. Re1 Rh6 38. bxc4 Nxc4 39. Nxa6 e5 40. Nb4 Rd6 41. a4 e4 42. Rc1 Nd2 43. a5 Nb3 44. Rc7+ Rd7 45. Rxd7+ Kxd7 46. a6 Kc7 47. Nd5+ Kb8 48. Ne7 Nd4 49. Ng6 Ka7 50. Nxh4 f4 51. Ng6 e3+ 52. Ke1 f3 53. gxf3 Nxf3+ 54. Ke2 Ng1+ 55. Kxe3 1/2-1/2

[Event "GER-chT Youth Countries 2018"]
[Site "Wurzburg"]
[Date "2018.10.05"]
[Round "4"]
[White "Musiolik, David"]
[Black "Hartge, Gedeon"]
[Result "1/2-1/2"]
[ECO "B43"]
[WhiteElo "2057"]
[BlackElo "2214"]
[Annotator "NA"]
[PlyCount "99"]
[EventDate "2018.10.03"]
[EventType "team-tourn"]
[EventCountry "GER"]
[SourceTitle "playchess.com"]
[Source "ChessBase"]
[SourceQuality "1"]
[TimeControl "40/5400+30:1800+30"]

1. e4 c5 2. Nf3 e6 3. d4 cxd4 4. Nxd4 a6 5. Nc3 Qc7 6. Bd3 Nf6 7. f4 d6 8. O-O Nbd7 9. Kh1 Be7 10. Qe2 b5 11. a4 b4 12. Na2 d5 13. e5 Ne4 14. Bxe4 dxe4 15. Qxe4 Bb7 16. Qe2 h5 17. f5 Qxe5 18. fxe6 Qxd4 19. Be3 Qg4 20. exd7+ Kf8 21. Qf2 f6 22. Bc5 Bxc5 23. Qxc5+ Kf7 24. Rf2 Qxd7 25. Qxb4 Rab8 26. Qd2 Qxa4 27. b3 Qg4 28. Kg1 Rhd8 29. Qe2 Qg5 30. Re1 Re8 31. Qc4+ Bd5 32. Qc7+ Kg8 33. Rfe2 Kh7 34. Qg3 Rxe2 35. Rxe2 Qxg3 36. hxg3 Bf7 37. Kf2 a5 38. Nc3 Rc8 39. Nb5 Bg6 40. Nd4 a4 41. bxa4 Rc4 42. Ke3 Rxa4 43. c3 Ra3 44. Kd2 Ra2+ 45. Ke3 Ra3 46. Kd2 Ra2+ 47. Ke1 Ra1+ 48. Kf2 Rc1 49. Re3 Bf7 50. Nf3 1/2-1/2

[Event "GER-chT Youth Countries 2018"]
[Site "Wurzburg"]
[Date "2018.10.05"]
[Round "4"]
[White "Richter, Nils"]
[Black "Wu, Leon"]
[Result "1/2-1/2"]
[ECO "B51"]
[WhiteElo "2035"]
[BlackElo "2009"]
[Annotator "NA"]
[PlyCount "83"]
[EventDate "2018.10.03"]
[EventType "team-tourn"]
[EventCountry "GER"]
[SourceTitle "playchess.com"]
[Source "ChessBase"]
[SourceQuality "1"]
[TimeControl "40/5400+30:1800+30"]

1. e4 c5 2. Nf3 d6 3. Bb5+ Nd7 4. O-O e6 5. c3 Ngf6 6. Re1 Be7 7. d4 cxd4 8. cxd4 ({Reject} 8. Qxd4 a6 $11) ({Don't play} 8. Nxd4 O-O $11) 8... O-O 9. Nc3 $14 {[%emt 0:01:45] LiveBook: 4 Games} e5 10. h3 a6 11. Bf1 b5 12. b4 d5 13. Nxd5 Nxd5 14. exd5 Bxb4 15. Bd2 Bxd2 16. Qxd2 Nb6 17. dxe5 Qxd5 18. Qa5 Nc4 19. Bxc4 Qxc4 20. Rac1 Qd5 21. Red1 Qe4 22. Rd4 Qg6 23. Rd6 Qh5 24. Qa3 a5 25. Qd3 Bf5 26. Qe3 Be6 27. Nd4 Rfe8 28. Nxe6 Rxe6 29. Rxe6 fxe6 30. Rc7 Rf8 31. Qg3 Qh6 32. Rb7 g6 33. Rxb5 Qc1+ 34. Kh2 Qd2 35. f4 Qxa2 36. Rb7 Qc4 37. Ra7 a4 38. Re7 Rxf4 39. Qe3 Rf8 40. Qh6 Qf4+ 41. Qxf4 Rxf4 42. Rxe6 1/2-1/2

[Event "GER-chT Youth Countries 2018"]
[Site "Wurzburg"]
[Date "2018.10.05"]
[Round "4"]
[White "Hund, Sarah"]
[Black "Leser, Katrin"]
[Result "1/2-1/2"]
[ECO "C50"]
[WhiteElo "2023"]
[BlackElo "2018"]
[Annotator "NA"]
[PlyCount "98"]
[EventDate "2018.10.03"]
[EventType "team-tourn"]
[EventCountry "GER"]
[SourceTitle "playchess.com"]
[Source "ChessBase"]
[SourceQuality "1"]
[TimeControl "40/5400+30:1800+30"]

1. e4 e5 2. Bc4 Bc5 3. Nf3 Nc6 4. d3 Nf6 5. c3 a6 6. Bb3 d6 7. Nbd2 Ba7 8. h3 O-O 9. Nf1 h6 10. Ng3 Be6 {[%emt 0:01:45] LiveBook: 53 Partien} 11. O-O $11 d5 12. Qe2 Re8 13. Rd1 Qd7 14. Kh2 Rad8 15. Nh4 Na5 16. Bc2 dxe4 17. dxe4 Qc6 18. Rxd8 Rxd8 19. Nhf5 Kh7 20. Qf3 Ng8 21. Qg4 Bxf5 22. exf5 Nf6 23. Qe2 Nc4 24. Ne4 b5 25. a4 Nxe4 26. Bxe4 Qc5 27. b3 Nd6 28. Be3 Qxc3 29. Rc1 Qb4 30. Bb1 Bxe3 31. Qxe3 Rd7 32. Qxe5 f6 33. Qg3 bxa4 34. bxa4 Qxa4 35. Bc2 Qc4 36. Rb1 Rd8 37. Bd3 Qa2 38. Rb4 a5 39. Rh4 Qf7 40. Bc2 Qe8 41. Qc3 Qe2 42. Qxc7 Rc8 43. Qxd6 Rxc2 44. Qg3 Qe5 45. Qxe5 fxe5 46. Re4 Rxf2 47. Rxe5 a4 48. Ra5 a3 49. Rxa3 Rxf5 1/2-1/2

[Event "GER-chT Youth Countries 2018"]
[Site "Wurzburg"]
[Date "2018.10.05"]
[Round "4"]
[White "Hommer, Jeremy"]
[Black "Laux, Dominik"]
[Result "1/2-1/2"]
[ECO "B10"]
[WhiteElo "1983"]
[BlackElo "1987"]
[Annotator "NA"]
[PlyCount "74"]
[EventDate "2018.10.03"]
[EventType "team-tourn"]
[EventCountry "GER"]
[SourceTitle "playchess.com"]
[Source "ChessBase"]
[SourceQuality "1"]
[TimeControl "40/5400+30:1800+30"]

1. e4 c6 2. Nf3 d5 3. exd5 cxd5 4. Ne5 Nd7 5. d4 Nxe5 6. dxe5 e6 7. Bd3 $14 {[%emt 0:03:37] LiveBook: 8 Games} Ne7 8. O-O Bd7 9. Be3 Nc6 10. f4 Qa5 11. c3 Bc5 12. Qe2 Ne7 13. Bxc5 Qxc5+ 14. Qf2 Rc8 15. Nd2 O-O 16. Nb3 Qxf2+ 17. Rxf2 Rfd8 18. g4 Ba4 19. Rd2 h6 20. Kf2 Kf8 21. h3 Rc7 22. Nd4 Nc6 23. Nb5 Bxb5 24. Bxb5 Ke7 25. Rc1 a6 26. Be2 Rdc8 27. Rcd1 Na5 28. Rd4 Rg8 29. Kg3 g5 30. h4 Nc6 31. R4d3 gxf4+ 32. Kxf4 f6 33. exf6+ Kxf6 34. Re3 e5+ 35. Kg3 Ne7 36. Rf1+ Ke6 37. Ref3 Ng6 1/2-1/2

[Event "GER-chT Youth Countries 2018"]
[Site "Wurzburg"]
[Date "2018.10.05"]
[Round "4"]
[White "Halas, Julia"]
[Black "Wiesner, Paula"]
[Result "1-0"]
[ECO "D11"]
[WhiteElo "1972"]
[BlackElo "1969"]
[Annotator "NA"]
[PlyCount "89"]
[EventDate "2018.10.03"]
[EventType "team-tourn"]
[EventCountry "GER"]
[SourceTitle "playchess.com"]
[Source "ChessBase"]
[SourceQuality "1"]
[TimeControl "40/5400+30:1800+30"]

1. d4 d5 2. c4 c6 3. Nf3 e6 4. cxd5 exd5 5. Qc2 Bd6 6. Nc3 Ne7 7. Bg5 f6 8. Bh4 Bf5 9. Qd2 $11 {[%emt 0:05:48] LiveBook: 52 Games} O-O 10. e3 Bg6 11. Bg3 Re8 12. Bd3 Kh8 13. O-O Bxg3 14. hxg3 Nd7 15. Ne2 Nf8 16. Nf4 Be4 17. Bc2 Nf5 18. b4 Nd6 19. Rfc1 Ne6 20. Nd3 Qe7 21. Nc5 Qf7 22. a4 Qh5 23. Bd1 Qg6 24. Be2 Ng5 25. Nh4 Qf7 26. b5 cxb5 27. axb5 b6 28. Na6 Nc4 29. Qd1 Rec8 30. Nb4 Qd7 31. Nc6 a6 32. Qb3 axb5 33. Qxb5 Nd6 34. Rxa8 Nxb5 35. Rxc8+ Qxc8 36. Bxb5 Nf7 37. Ra1 Nd6 38. Ne7 Qb8 39. Bc6 Nb7 40. f3 Bd3 41. Bxd5 Na5 42. Rc1 Ba6 43. Nhg6+ hxg6 44. Kf2 Qd6 45. Rh1# 1-0

[Event "GER-chT Youth Countries 2018"]
[Site "Wurzburg"]
[Date "2018.10.05"]
[Round "4"]
[White "Arnhold, Steffi"]
[Black "Grund, Sebastian"]
[Result "1/2-1/2"]
[ECO "B35"]
[WhiteElo "1955"]
[BlackElo "1992"]
[Annotator "NA"]
[PlyCount "62"]
[EventDate "2018.10.03"]
[EventType "team-tourn"]
[EventCountry "GER"]
[SourceTitle "playchess.com"]
[Source "ChessBase"]
[SourceQuality "1"]
[TimeControl "40/5400+30:1800+30"]

1. e4 c5 2. Nf3 Nc6 3. d4 cxd4 4. Nxd4 g6 5. Nc3 Bg7 6. Be3 Nf6 7. Bc4 Qa5 8. O-O O-O 9. Bb3 d6 10. h3 Bd7 11. f4 Nxd4 12. Bxd4 Bc6 13. Nd5 Rae8 $11 {[%emt 0:00:48] LiveBook: 10 Games} 14. Qd3 Bxd5 15. exd5 Nd7 16. Bxg7 Kxg7 17. Rae1 Qc5+ 18. Kh1 b5 19. a4 a6 20. axb5 axb5 21. Re4 f5 22. Re2 Nf6 23. Kh2 Qb4 24. Qf3 Ne4 25. Rd1 Rf7 26. Qe3 Nc5 27. Ba2 Ra8 28. Bb3 Rc8 29. Rd4 Qa5 30. Rd1 Qb4 31. Rd4 Qa5 1/2-1/2

[Event "GER-chT Youth Countries 2018"]
[Site "Wurzburg"]
[Date "2018.10.05"]
[Round "4"]
[White "Hommel, Niclas"]
[Black "Nguyen, Alex Dac-Vuong"]
[Result "0-1"]
[ECO "C11"]
[WhiteElo "1915"]
[BlackElo "2240"]
[Annotator "NA"]
[PlyCount "80"]
[EventDate "2018.10.03"]
[EventType "team-tourn"]
[EventCountry "GER"]
[SourceTitle "playchess.com"]
[Source "ChessBase"]
[SourceQuality "1"]
[TimeControl "40/5400+30:1800+30"]

1. e4 e6 2. d4 d5 3. Nc3 Nf6 4. e5 Nfd7 5. f4 c5 6. Nf3 Nc6 7. Be3 Be7 8. Qd2 O-O 9. dxc5 Bxc5 10. O-O-O Qa5 11. a3 Rd8 12. Bxc5 Nxc5 13. h4 Qb6 $14 14. Nd4 Ne4 15. Qe3 Nxc3 16. Qxc3 Bd7 17. h5 Rac8 18. Nxc6 bxc6 19. h6 g6 20. f5 c5 21. fxg6 fxg6 22. Rh3 d4 23. Qd2 Qc7 24. Qg5 Rf8 25. Bc4 Qd8 26. Qxd8 Rcxd8 27. b4 Kf7 28. bxc5 Ke7 29. Rxd4 Rc8 30. Rhd3 Rc7 31. g4 Rf1+ 32. Kd2 Rh1 33. Rd6 Rxh6 34. c6 Bc8 35. Bb5 Rh2+ 36. Ke1 Rxc2 37. R3d4 Rc5 38. Rd7+ Bxd7 39. cxd7 Rxe5+ 40. Kf2 Rd5 0-1

[Event "GER-chT Youth Countries 2018"]
[Site "Wurzburg"]
[Date "2018.10.05"]
[Round "4"]
[White "Ratay, Meike"]
[Black "Bui, Ngoc Han Julia"]
[Result "1/2-1/2"]
[ECO "B90"]
[WhiteElo "1887"]
[BlackElo "1876"]
[Annotator "NA"]
[PlyCount "54"]
[EventDate "2018.10.03"]
[EventType "team-tourn"]
[EventCountry "GER"]
[SourceTitle "playchess.com"]
[Source "ChessBase"]
[SourceQuality "1"]
[TimeControl "40/5400+30:1800+30"]

1. e4 c5 2. Nf3 d6 3. d4 cxd4 4. Nxd4 Nf6 5. Nc3 a6 6. Be3 e6 7. f3 b5 8. Qd2 Nbd7 9. g4 Nb6 10. a4 $14 {[%emt 0:04:40] LiveBook: 171 Games} bxa4 11. Nxa4 Nxa4 12. Rxa4 Bb7 13. Be2 d5 14. g5 Nd7 15. exd5 Bxd5 16. Rxa6 Rb8 17. Bb5 Rxb5 18. Nxb5 Ne5 19. Kf2 Ng4+ 20. Kg2 Be7 21. h4 h6 22. c4 Nxe3+ 23. Qxe3 Bb7 24. Ra7 Qb8 25. g6 O-O 26. Rh3 e5 27. Kf1 Qc8 1/2-1/2

[Event "GER-chT Youth Countries 2018"]
[Site "Wurzburg"]
[Date "2018.10.05"]
[Round "4"]
[White "Arakelian, Aik"]
[Black "Glinzner, Alva"]
[Result "1-0"]
[ECO "B43"]
[WhiteElo "1879"]
[BlackElo "1787"]
[Annotator "NA"]
[PlyCount "97"]
[EventDate "2018.10.03"]
[EventType "team-tourn"]
[EventCountry "GER"]
[SourceTitle "playchess.com"]
[Source "ChessBase"]
[SourceQuality "1"]
[TimeControl "40/5400+30:1800+30"]

1. e4 c5 2. Nf3 e6 3. d4 cxd4 4. Nxd4 a6 5. Nc3 Qc7 6. Qf3 d6 7. Be3 {[%emt 0:05:46] LiveBook: 9 Games} Nd7 8. g4 $11 Rb8 9. g5 b5 10. a3 Ne7 11. Qg3 Ne5 12. Rd1 N7c6 13. Bf4 Nxd4 14. Rxd4 Qc5 15. Be3 Qc7 16. Be2 Nc4 17. Bc1 Qc5 18. Rd1 Bb7 19. O-O Rc8 20. Rd3 a5 21. b3 Ne5 22. Re3 b4 23. axb4 axb4 24. Na4 Qxc2 25. Bb5+ Bc6 26. Re2 Bxb5 27. Rxc2 Rxc2 28. Bf4 Bxf1 29. Kxf1 Ng6 30. Bxd6 Be7 31. Bxb4 O-O 32. Bxe7 Nxe7 33. Qd6 Ng6 34. Nb6 Ra2 35. b4 e5 36. Nd5 Re8 37. b5 Ra1+ 38. Kg2 Raa8 39. b6 Rad8 40. Qc6 Rc8 41. Nc7 Red8 42. b7 Nf4+ 43. Kf3 Rb8 44. Na6 Ne6 45. Nxb8 Nd4+ 46. Kg4 Nxc6 47. Nxc6 Re8 48. Ne7+ Kf8 49. Nc8 1-0

[Event "GER-chT Youth Countries 2018"]
[Site "Wurzburg"]
[Date "2018.10.05"]
[Round "4"]
[White "Zeuner, Ole"]
[Black "Ley, Sabrina"]
[Result "1-0"]
[ECO "B90"]
[WhiteElo "1865"]
[BlackElo "1902"]
[Annotator "NA"]
[PlyCount "89"]
[EventDate "2018.10.03"]
[EventType "team-tourn"]
[EventCountry "GER"]
[SourceTitle "playchess.com"]
[Source "ChessBase"]
[SourceQuality "1"]
[TimeControl "40/5400+30:1800+30"]

1. e4 c5 2. Nf3 d6 3. d4 cxd4 4. Nxd4 Nf6 5. Nc3 a6 6. Be3 e5 7. Nb3 Be6 8. h3 h5 9. f4 $14 {[%emt 0:08:00] LiveBook: 20 Games} Be7 10. f5 Bd7 11. g3 Qc7 12. Qe2 Bc6 13. Bg2 b5 14. a3 Nbd7 15. g4 Nc5 16. Nxc5 dxc5 17. g5 Nd7 18. a4 bxa4 19. Nxa4 Qb7 20. Bc1 Bb5 21. Qf2 Bxa4 22. Rxa4 Qb5 23. Ra1 c4 24. Bf1 Bc5 25. Qf3 Qb4+ 26. c3 Qb3 27. Rh2 a5 28. Qe2 Nb6 29. Be3 Bxe3 30. Qxe3 Na4 31. Qe2 Rb8 32. Qxc4 Qxc4 33. Bxc4 Rxb2 34. Rxb2 Nxb2 35. Bb5+ Ke7 36. Rb1 Rc8 37. Rxb2 Rxc3 38. Bf1 a4 39. Rb7+ Kf8 40. Kd2 Rf3 41. Bc4 f6 42. g6 a3 43. Rf7+ Ke8 44. Rxg7 a2 45. Ra7 1-0

[Event "GER-chT Youth Countries 2018"]
[Site "Wurzburg"]
[Date "2018.10.05"]
[Round "4"]
[White "Farokhi, Keyvan"]
[Black "Browning, Rebecca"]
[Result "1/2-1/2"]
[ECO "A37"]
[WhiteElo "1855"]
[BlackElo "1873"]
[Annotator "NA"]
[PlyCount "89"]
[EventDate "2018.10.03"]
[EventType "team-tourn"]
[EventCountry "GER"]
[SourceTitle "playchess.com"]
[Source "ChessBase"]
[SourceQuality "1"]
[TimeControl "40/5400+30:1800+30"]

1. c4 c5 2. g3 g6 3. Bg2 Bg7 4. Nc3 Nc6 5. Nf3 b6 6. O-O {[%emt 0:05:21] LiveBook: 106 Games} e6 {[%emt 0:01:52] [#]} (6... Ba6 $11 {keeps the balance.}) 7. d4 $16 Nge7 8. dxc5 bxc5 9. Ne4 O-O 10. Nxc5 Rb8 11. Nd3 Na5 12. Qc2 Ba6 13. c5 Nd5 14. Nfe1 Nb4 15. Nxb4 Rxb4 16. Nd3 Bxd3 17. exd3 Qe7 18. Rb1 Rfb8 19. b3 Bd4 20. Bd2 R4b5 21. b4 Nc6 22. Qc4 Qf6 23. a4 R5b7 24. Bxc6 dxc6 25. Be3 Bxe3 26. fxe3 Qe5 27. Qf4 Qc3 28. Qd6 Rc8 29. Rfc1 Qd2 30. Qd4 Rcb8 31. b5 cxb5 32. c6 Rc7 33. axb5 Rxb5 34. Rd1 Rxb1 35. Rxb1 Rc8 36. c7 Qc2 37. Qd8+ Kg7 38. Qxc8 Qxb1+ 39. Kg2 Qc2+ 40. Kh3 Qxd3 41. Qb7 Qf1+ 42. Qg2 Qc1 43. Qb7 Qf1+ 44. Qg2 Qc1 45. Qb7 1/2-1/2

[Event "GER-chT Youth Countries 2018"]
[Site "Wurzburg"]
[Date "2018.10.05"]
[Round "4"]
[White "Evering, Soeren"]
[Black "Koehler, Lukas"]
[Result "1-0"]
[ECO "B42"]
[WhiteElo "1854"]
[BlackElo "1926"]
[Annotator "NA"]
[PlyCount "57"]
[EventDate "2018.10.03"]
[EventType "team-tourn"]
[EventCountry "GER"]
[SourceTitle "playchess.com"]
[Source "ChessBase"]
[SourceQuality "1"]
[TimeControl "40/5400+30:1800+30"]

1. e4 c5 2. Nf3 e6 3. d4 cxd4 4. Nxd4 a6 5. Bd3 Qc7 6. O-O Nf6 7. Nc3 d6 8. Qe2 Be7 $11 {[%emt 0:01:41] LiveBook: 86 Games} 9. Kh1 Nbd7 10. f4 b6 11. Nf3 Nc5 12. Bd2 Bb7 13. Rae1 d5 14. e5 Nfe4 15. Bxe4 Nxe4 16. Nd4 Rc8 17. Nxe4 dxe4 18. Be3 O-O 19. Qg4 Kh8 20. f5 Qxe5 21. fxe6 Bc5 22. Rf5 Qd6 23. Rxf7 Rxf7 24. exf7 Rf8 25. Ne6 Rxf7 26. Bxc5 bxc5 27. Rd1 Bc8 28. Kg1 Bxe6 29. Rxd6 1-0

[Event "GER-chT Youth Countries 2018"]
[Site "Wurzburg"]
[Date "2018.10.05"]
[Round "4"]
[White "Astner, Sebastian"]
[Black "Moenster, Madita"]
[Result "1-0"]
[ECO "B53"]
[WhiteElo "1849"]
[BlackElo "1817"]
[Annotator "NA"]
[PlyCount "85"]
[EventDate "2018.10.03"]
[EventType "team-tourn"]
[EventCountry "GER"]
[SourceTitle "playchess.com"]
[Source "ChessBase"]
[SourceQuality "1"]
[TimeControl "40/5400+30:1800+30"]

1. e4 c5 2. Nf3 d6 3. d4 cxd4 4. Qxd4 Nc6 5. Bb5 Bd7 6. Bxc6 Bxc6 7. c4 f5 8. Nbd2 fxe4 9. Nxe4 e5 $11 10. Qd3 Nf6 11. Nxf6+ Qxf6 12. Bg5 Qe6 13. O-O h6 14. Nd4 Qf7 15. Nxc6 hxg5 16. Nb4 O-O-O 17. Nd5 Kb8 18. Qg3 Rc8 19. b3 Be7 20. Rfe1 Bf6 21. Rad1 Rcd8 22. h3 Rh4 23. c5 Qf8 24. cxd6 Rxd6 25. Qf3 Rd8 26. Qf5 Qh8 27. Rxe5 g6 28. Qxf6 Qxf6 29. Nxf6 Rxd1+ 30. Kh2 Rd2 31. Kg3 Rhd4 32. Rxg5 Rxa2 33. Rxg6 Rd3+ 34. f3 Rxb3 35. h4 Re3 36. Rg8+ Kc7 37. Nd5+ Kc6 38. Nxe3 a5 39. h5 Ra1 40. h6 Rh1 41. Ng4 Rh5 42. Rg6+ Kb5 43. Nf6 1-0

[Event "GER-chT Youth Countries 2018"]
[Site "Wurzburg"]
[Date "2018.10.05"]
[Round "4"]
[White "Muedder, Melanie"]
[Black "Mundt, Alexandra"]
[Result "1-0"]
[ECO "C42"]
[WhiteElo "1826"]
[BlackElo "1679"]
[Annotator "NA"]
[PlyCount "81"]
[EventDate "2018.10.03"]
[EventType "team-tourn"]
[EventCountry "GER"]
[SourceTitle "playchess.com"]
[Source "ChessBase"]
[SourceQuality "1"]
[TimeControl "40/5400+30:1800+30"]

1. e4 e5 2. Nf3 Nf6 3. Nxe5 d6 4. Nf3 Nxe4 5. Nc3 Nxc3 6. dxc3 Nc6 7. Be3 Bg4 8. h3 Bh5 ({Better is} 8... Bd7 $14) 9. Qd5 $16 Bxf3 10. Qxf3 Be7 11. Bb5 Qd7 12. O-O O-O 13. c4 Bf6 14. c3 a6 15. Ba4 Rad8 16. Bc2 Qe6 17. c5 d5 18. Bf5 Qe7 19. Rfe1 Rfe8 20. Rad1 d4 21. Bd2 Qxc5 22. b4 Qc4 23. Bd3 Qxa2 24. Qf5 Rxe1+ 25. Rxe1 g6 26. Qf4 dxc3 27. Bc1 Kg7 28. Bc4 Qa4 29. Qxc7 Rf8 30. Bxf7 Rxf7 31. Bh6+ Kxh6 32. Qxf7 Bg5 33. Qf8+ Kh5 34. g4+ Kh4 35. Qf3 Bd8 36. Qg3+ Kg5 37. h4+ Kh6 38. g5+ Kh5 39. Qf3+ Kxh4 40. Qg3+ Kh5 41. Kg2 1-0

[Event "GER-chT Youth Countries 2018"]
[Site "Wurzburg"]
[Date "2018.10.05"]
[Round "4"]
[White "Werner, Denis"]
[Black "Amato, Cristiano"]
[Result "1/2-1/2"]
[ECO "B22"]
[WhiteElo "1817"]
[BlackElo "1661"]
[Annotator "NA"]
[PlyCount "123"]
[EventDate "2018.10.03"]
[EventType "team-tourn"]
[EventCountry "GER"]
[SourceTitle "playchess.com"]
[Source "ChessBase"]
[SourceQuality "1"]
[TimeControl "40/5400+30:1800+30"]

1. e4 c5 2. c3 Nf6 3. e5 Nd5 4. d4 cxd4 5. Qxd4 e6 6. Nf3 Nc6 7. Qe4 d6 8. Nbd2 dxe5 9. Nxe5 Nxe5 10. Qxe5 Qd6 11. Bb5+ Bd7 $11 {[%emt 0:01:28] LiveBook: 24 Games} 12. Bxd7+ Kxd7 13. Nc4 Qc5 14. Qe2 f6 15. O-O Rc8 16. Ne3 Bd6 17. Rd1 Nf4 18. Qf3 Ke7 19. Nc2 Nd5 20. Ne3 Nf4 21. Qxb7+ Rc7 22. Qe4 Kf7 23. Nc2 Nd5 24. Be3 Nxe3 25. Qxe3 Rb8 26. Qxc5 Bxc5 27. b3 Ke7 28. c4 a5 29. Rab1 Rcb7 30. Ne1 a4 31. Rd3 Ra7 32. Kf1 axb3 33. axb3 Ra2 34. Rf3 e5 35. g4 Bd6 36. Nd3 Ra3 37. Nc1 Rba8 38. Rc3 Bb4 39. Rc2 Ra1 40. Rxa1 Rxa1 41. Ke2 Ba3 42. Ra2 Rxa2+ 43. Nxa2 Bc5 44. Nc3 g6 45. b4 Bd4 46. Nd5+ Ke6 47. f3 f5 48. Kd3 fxg4 49. fxg4 h5 50. h3 hxg4 51. hxg4 Kd6 52. Ke4 Ke6 53. c5 Kd7 54. Nf4 exf4 55. Kxf4 Kc6 56. Kg5 Bc3 57. Kxg6 Bxb4 58. Kf7 Bxc5 59. g5 Bd4 60. g6 Kd7 61. g7 Bxg7 62. Kxg7 1/2-1/2

[Event "GER-chT Youth Countries 2018"]
[Site "Wurzburg"]
[Date "2018.10.05"]
[Round "4"]
[White "Bardorz, Jana"]
[Black "Abele, Anais"]
[Result "1-0"]
[ECO "B24"]
[WhiteElo "1810"]
[BlackElo "1679"]
[Annotator "NA"]
[PlyCount "107"]
[EventDate "2018.10.03"]
[EventType "team-tourn"]
[EventCountry "GER"]
[SourceTitle "playchess.com"]
[Source "ChessBase"]
[SourceQuality "1"]
[TimeControl "40/5400+30:1800+30"]

1. e4 c5 2. Nc3 Nc6 3. g3 g6 4. Bg2 Bg7 5. d3 e6 6. Be3 {[%emt 0:02:49] LiveBook: 735 Games} d6 7. Qd2 Nge7 $14 8. Bh6 O-O 9. h4 f6 10. h5 Bxh6 11. Qxh6 g5 12. Nf3 Kh8 13. Nxg5 fxg5 14. Qxg5 Ng8 15. Qe3 Qf6 16. f4 Nd4 17. O-O-O Rb8 18. e5 dxe5 19. Rdf1 Bd7 20. Ne4 Qe7 21. fxe5 b6 22. c3 Nf5 23. Qf3 Nh4 24. Qe2 Nxg2 25. Qxg2 Bc6 26. Rf4 Rxf4 27. gxf4 Qg7 28. Qxg7+ Kxg7 29. Rg1+ Kh8 30. Ng5 Nh6 31. Nxe6 Bd5 32. Ng5 Rg8 33. a3 Bf7 34. Nxf7+ Nxf7 35. Rxg8+ Kxg8 36. Kd2 Kg7 37. Ke3 Kh6 38. Ke4 Kxh5 39. e6 Nd6+ 40. Ke5 Ne8 41. f5 Kg5 42. d4 cxd4 43. cxd4 h5 44. d5 h4 45. d6 Nxd6 46. Kxd6 h3 47. e7 h2 48. e8=Q h1=Q 49. Qg8+ Kf4 50. f6 Qd1+ 51. Qd5 Qg1 52. f7 Qg7 53. Ke7 Kg4 54. Qg2+ 1-0

[Event "GER-chT Youth Countries 2018"]
[Site "Wurzburg"]
[Date "2018.10.05"]
[Round "4"]
[White "Reitz, Theresa"]
[Black "Dietz, Kristin"]
[Result "0-1"]
[ECO "A34"]
[WhiteElo "1788"]
[BlackElo "1762"]
[Annotator "NA"]
[PlyCount "80"]
[EventDate "2018.10.03"]
[EventType "team-tourn"]
[EventCountry "GER"]
[SourceTitle "playchess.com"]
[Source "ChessBase"]
[SourceQuality "1"]
[TimeControl "40/5400+30:1800+30"]

1. c4 c5 2. Nc3 Nf6 3. g3 d5 4. cxd5 Nxd5 5. Bg2 Nc7 6. Qb3 Nc6 7. Bxc6+ bxc6 8. Nf3 e6 9. Qa4 Bd7 10. d3 Be7 11. O-O O-O 12. Ne4 Nd5 13. b3 f5 14. Neg5 Bf6 15. d4 cxd4 16. Bd2 h6 17. Nh3 g5 18. Rac1 e5 19. Qc4 Kg7 20. Qc2 g4 21. Nxd4 exd4 22. Nf4 Nxf4 23. Bxf4 Qe7 24. Qd2 Rh8 25. Rc4 c5 26. Rfc1 Rac8 27. Qa5 Be6 28. Rxc5 Rxc5 29. Rxc5 Rc8 30. Rxf5 Bxf5 31. Qxf5 Rc5 32. Qxg4+ Kh7 33. b4 Rd5 34. Qf3 Qe6 35. Qd3+ Qf5 36. Qa6 Rd7 37. b5 Bg7 38. Qc6 Re7 39. Qc4 Qb1+ 40. Bc1 d3 0-1